 Dungeon Crawl Stone Soup version 0.30-a0-125-g51eefa89be (webtiles) character file.

Game seed: 662993369542370244

1663 juncz the Trooper (level 9, -1/68 HPs)
             Began as a Djinni Conjurer on Sept 18, 2022.
             Was a Believer of Makhleb.
             Killed from afar by a white imp (12 damage)
             ... with a puff of frost
             ... on level 6 of the Dungeon.
             The game lasted 00:16:28 (10401 turns).

juncz the Trooper (Djinni Conjurer)                Turns: 10401, Time: 00:16:28

Health: -1/68      AC:  3    Str:  6    XL:     9   Next: 20%
Gold:   344        EV: 12    Int: 25    God:    Makhleb [**....] SH:  0 Dex: 11

rFire   + + .      SeeInvis .    n - +2 trident (pain)
rCold   x . .      Faith    .    (no shield)
rNeg    . . .      Spirit   .    a - +0 robe
rPois   ∞          Reflect  .    (no helmet)
rElec   .          Harm     .    i - +0 cloak
rCorr   .          Rampage  .    (no gloves)
Will    .....                    (boots unavailable)
Stlth   ++........               (no amulet)
HPRegen 0.21/turn                (no ring)
MPRegen 0.00/turn                (no ring)

@: flying
A: sickness immunity, fire resistance 2, cold vulnerability 1, float, innate
caster, HP casting, extra vitality 1
a: Renounce Religion, Minor Destruction


You were on level 6 of the Dungeon.
You worshipped Makhleb.
Makhleb was pleased with you.
You visited 1 branch of the dungeon, and saw 6 of its levels.

You collected 344 gold pieces.

Inventory:

Hand Weapons
 g - a +0 dagger
 n - a +2 trident of pain (weapon)
 p - a +6 short sword
Missiles
 m - 78 stones (quivered)
Armour
 a - a +0 robe (worn)
 i - a +0 cloak (worn)
Jewellery
 k - an amulet of faith
 u - a ring of fire
Scrolls
 d - 2 scrolls of blinking
 f - 3 scrolls of enchant armour
 j - a scroll of poison
 l - a scroll of teleportation
 o - a scroll of butterflies
 r - a scroll of brand weapon
Potions
 b - a potion of invisibility
 c - 2 potions of curing
 e - a potion of ambrosia {unknown}
 h - 2 potions of might
 s - a potion of degeneration {unknown}
 t - a potion of magic {unknown}


   Skills:
 + Level 7.4 Fighting
 - Level 3.0 Dodging
 - Level 2.2 Stealth
 + Level 6.8 Spellcasting


You couldn't memorise any spells.
You knew the following spells:

 Your Spells              Type           Power      Damage    Failure   Level
a - Magic Dart            Conj           100%       1d8       1%          1
b - Searing Ray           Conj           84%        2d7       1%          2
c - Dazzling Flash        Conj/Hex       84%        N/A       1%          3
d - Fulminant Prism       Conj/Hex       21%        3d13      4%          4
e - Iskenderun's Mystic   Conj/Tloc      42%        2d10      4%          4
f - Apportation           Tloc           84%        N/A       1%          1
g - Blink                 Tloc           84%        N/A       1%          2
h - Scorch                Fire           84%        2d9       1%          2
i - Call Canine Familiar  Summ           42%        N/A       1%          3
Your spell library was empty.

Dungeon Overview and Level Annotations

Branches:
Dungeon (6/15)
 Temple: D:4-7

Altars:
Ashenzari
Cheibriados
Fedhas
Hepliaklqana
Makhleb
Qazlal
Ru
Trog
Uskayaw
Xom
The Shining One

Shops:
D:2 (


Innate Abilities, Weirdness & Mutations

You are immune to sickness and miasma.
You are immune to poison.
Your flesh is very heat resistant. (rF++)
You are vulnerable to cold. (rC-)
You float through the air rather than walking.
You learn spells naturally, not from books.
Your magical power is your life essence.
You have superior vitality. (+4 MHP)


Message History

Aim: a shadow imp (severely wounded, ally target, 100% to hit)
The magic dart hits the shadow imp but does no damage.
The shadow imp is severely wounded.
* * * LOW HITPOINT WARNING * * *
The shadow imp gestures at you. Pain shoots through your body!
* * * LOW HITPOINT WARNING * * *
Something misses your wolf.
Okay, then.
Something hits your wolf. The adder bites your wolf.
Something closely misses your wolf.
The adder barely misses your wolf. x2; Something barely misses your wolf.
The adder misses your wolf. Something barely misses your wolf.
The adder barely misses your wolf. Something completely misses your wolf.
The adder completely misses your wolf.
The adder bites your wolf but does no damage.
Something closely misses your wolf. The adder closely misses your wolf.
Something closely misses your wolf. The adder bites your wolf.
A wight comes into view. It is wielding a +0 mace.
Something misses your wolf.
The white imp completely misses your wolf.
Your wolf bites the adder.
The adder bites your wolf.
Your wolf completely misses the adder.
Something barely misses your wolf. The white imp hits your wolf.
The white imp freezes your wolf.
A wight comes into view. It is wielding a +0 great sword.
Unknown command.
The sentinel's mark upon you fades away.
Your wolf barely misses the adder.
The adder barely misses your wolf.
Your wolf bites the adder.
The adder bites your wolf but does no damage.
Something hits your wolf.
Your wolf dies!
Your wolf's corpse disappears in a puff of smoke!
The adder hisses angrily.
The white imp lashes its tail.
A wight comes into view.
It is wielding a +4 halberd of freezing.
The white imp gestures at you. The puff of frost hits you!
You feel a terrible chill!
You die...

......................)..##
...................).....).#
........##.........h........
................###5.z..####
#..............# ###..##
#........)....## #..##
##.............# ##.5#
.....[.........####5.##
................@....#
.....<...............#
...............####..#
.............### #...#
##..........## #.....
#...........# .......
#...###........ ...#####
...# ###...... .## ...
##......


You could see a white imp and a shadow imp.

Vanquished Creatures
  Eustachio (D:4)
  A black bear (D:6)
  A centaur (D:6)
  An ogre (D:4)
  A phantom (D:5)
  3 kobold brigands (D:3)
  A necrophage (D:6)
  2 scorpions (D:4)
  3 hounds
  2 jellies
  3 orc priests
  4 orc wizards
  16 gnolls
  4 adders
  A shadow imp (D:5)
  A white imp (D:5)
  2 ufetubi
  3 worms
  4 dart slugs
  16 orcs
  8 ball pythons
  9 endoplasms
  A giant cockroach (D:2)
  8 goblins
  9 hobgoblins
  3 jackals (D:3)
  3 quokkas
  5 bats (D:1)
  5 frilled lizards
  44 kobolds
  4 rats
169 creatures vanquished.

Vanquished Creatures (collateral kills)
  A centaur (D:6)
  An orc (D:6)
2 creatures vanquished.

Vanquished Creatures (others)
  6 fungi
  6 plants
12 creatures vanquished.

Grand Total: 183 creatures vanquished

Notes
Turn   | Place    | Note
-------+----------+-------------------------------------------
     0 | D:1      | juncz the Djinni Conjurer began the quest for the Orb.
     0 | D:1      | juncz set off with the following spells memorised: Magic
                  | Dart, Searing Ray, Dazzling Flash, Fulminant Prism,
                  | Iskenderun's Mystic Blast.
     0 | D:1      | Reached XP level 1. HP: 15/15 MP: 0/0
   259 | D:1      | Reached XP level 2. HP: 20/21 MP: 0/0
   983 | D:1      | Reached XP level 3. HP: 22/25 MP: 0/0
   983 | D:1      | Learned a level 1 spell: Apportation
  1022 | D:1      | Found a faded altar of an unknown god.
  1759 | D:2      | Reached XP level 4. HP: 27/31 MP: 0/0
  1874 | D:2      | Found Olangui's Antique Weapon Boutique.
  1941 | D:2      | Reached skill level 1 in Fighting
  2617 | D:3      | Found a hide-covered altar of Uskayaw.
  2863 | D:3      | Found a burning altar of Makhleb.
  2868 | D:3      | Became a worshipper of Makhleb the Destroyer
  2922 | D:3      | Found a sacrificial altar of Ru.
  3003 | D:3      | Reached XP level 5. HP: 29/38 MP: 0/0
  3003 | D:3      | Learned a level 2 spell: Blink
  3092 | D:3      | Found a snail-covered altar of Cheibriados.
  3092 | D:3      | Found a faded altar of an unknown god.
  3115 | D:3      | Found a faded altar of an unknown god.
  3117 | D:3      | Found a shimmering altar of Xom.
  3119 | D:3      | Found a broken altar of Ashenzari.
  3200 | D:3      | Found a glowing golden altar of the Shining One.
  3336 | D:3      | Reached skill level 2 in Fighting
  3365 | D:3      | Found a hazy altar of Hepliaklqana.
  3659 | D:3      | Noticed a kobold brigand
  3680 | D:3      | Killed a kobold brigand
  4221 | D:3      | Reached XP level 6. HP: 43/45 MP: 0/0
  4387 | D:3      | Reached skill level 3 in Fighting
  6119 | D:3      | Reached * piety under Makhleb
  6120 | D:3      | Reached XP level 7. HP: 26/51 MP: 0/0
  6120 | D:3      | Learned a level 2 spell: Scorch
  6126 | D:3      | Reached skill level 4 in Fighting
  6576 | D:3      | Reached skill level 5 in Spellcasting
  6765 | D:4      | Found a blossoming altar of Fedhas.
  6769 | D:4      | Found a stormy altar of Qazlal.
  7453 | D:4      | Noticed Eustachio
  7463 | D:4      | Killed Eustachio
  7464 | D:4      | Reached skill level 5 in Fighting
  7464 | D:4      | Reached XP level 8. HP: 45/60 MP: 0/0
  8281 | D:4      | Reached skill level 6 in Fighting
  8321 | D:5      | Entered Level 5 of the Dungeon
  8456 | D:5      | Reached ** piety under Makhleb
  8630 | D:5      | Found a bloodstained altar of Trog.
  9860 | D:6      | Reached XP level 9. HP: 35/67 MP: 0/0
  9860 | D:6      | Learned a level 3 spell: Call Canine Familiar
  9861 | D:6      | Reached skill level 7 in Fighting
 10401 | D:6      | Killed from afar by a white imp

Illustrated notes

Levels and vault maps discovered:
D:1:      tarquinn_simple_flora_water_e, layout_basic,
          shapermc_ecumenical_altar_mp_ritualfount
D:2:      layout_basic, serial_shops, shop
D:3:      minmay_goblin_kobold_castle, layout_basic,
          mainiacjoe_overflow_cross_hatched, mainiacjoe_overflow_paths,
          nicolae_ru_awakened_eye, lightli_temple_of_fire,
          nzn_hepliaklqana_mist_gate, chequers_temple_overflow_minitemple
D:4:      layout_loops_ring, grunt_temple_overflow_forces_of_nature,
          uniq_eustachio
D:5:      layout_loops_ring, mainiacjoe_overflow_boulevard
D:6:      layout_layer_cave, minmay_temple_entry_large_hall

Skill      XL: |  1  2  3  4  5  6  7  8  9 |
---------------+----------------------------+-----
Stealth        | 2 |  2.2
Dodging        | 3 |  3.0
Fighting       | 1 2 3 5 6 7 |  7.4
Spellcasting   | 4 5 6 |  6.8

Action                   |  1- 3 |  4- 6 |  7- 9 || total
-------------------------+-------+-------+-------++-------
Melee: Trident           |       |     5 |     3 ||     8
 Cast: Magic Dart        |    75 |   168 |   101 ||   344
       Iskenderun's Myst |       |     5 |       ||     5
       Blink             |       |     1 |       ||     1
       Scorch            |       |       |    69 ||    69
       Call Canine Famil |       |       |     1 ||     1
  Use: Potion            |       |     3 |       ||     3
       Scroll            |       |       |     8 ||     8
 Stab: Invisible         |       |     1 |       ||     1
Armor: Robe              |       |     4 |     9 ||    13
Dodge: Dodged            |     4 |    25 |    32 ||    61

Table legend: (Time is in decaauts)
 A = Elapsed time spent in this place.
 B = Non-inter-level travel time spent in this place.
 C = Inter-level travel time spent in this place.
 D = Time resting spent in this place.
 E = Time spent auto-exploring this place.
 F = Levels seen in this place.
 G = Mean time per level.
                   A        B        C        D        E       F      G
               +--------+--------+--------+--------+--------+-----+--------+
         Total |  10402 |  10244 |    158 |   4584 |   4661 |   6 | 1733.7 |
       Dungeon |  10402 |  10244 |    158 |   4584 |   4661 |   6 | 1733.7 |
               +--------+--------+--------+--------+--------+-----+--------+

Top non-repeatable levels by time:
     D:3: 4049 daAuts
     D:4: 1564 daAuts
     D:5: 1525 daAuts
     D:2: 1386 daAuts
     D:1: 1322 daAuts
     D:6: 553 daAuts
